← All builds
Geo / Armada / Economy first / OBSERVED BUILD

Standard geo

Armada Geo build order · Supreme Isthmus

Standard Geo economy play: geothermal into advanced metal extractor and advanced geothermal, blows up the commander for T2, then transitions into Starlight and T2 constructors to supply the front and allies.

Usually blows up the commander for T2 (67%)

#eco #t2 #team support · 762 distinct matches · 111 players · 59% of Armada Geo games · team won 54% of 857 · Recently observed

HOW TO PLAY IT

Key timing: Geothermal Powerplant by 3:26

  1. Open mex and wind into Bot Lab.
  2. Rush geothermal for the early energy spike.
  3. Add Advanced Metal Extractor, then Advanced Geothermal by 7:07.
  4. Bring up Vehicle Plant alongside T2 con for "Starlight" and vehicles.
  5. Funnel "Starlight" and T1 vehicles to front, pay allies with cons and "Lazarus".

Phase by phase

TYPICAL OF ITS 762 GAMES
  1. 1
  2. 2
  3. 3
  4. 4
PLAY THE OPENING

Follow the example game's first 6:00 step by step: what to build now, what comes next, and where it goes. At 1× it keeps pace with your own game.

  1. 1

    Up to the Bot Lab

    Economy
    • Metal Extractor2Mex
    • Wind Turbine4Wind
    Order
    1. Bot LabBot Lab after 2 mex, 4 winddone ~1:12, middle half 0:58–1:22

    By 0:55 in all: 2 mex · 4 wind

    The example game in this phase · 3 steps
    1. Mex ×2
    2. Wind ×3
    3. Bot LabBot Labdone 0:52 · typical 1:12
  2. 2

    Bot Lab to 5:00

    Economy
    • Metal Extractor2Mex
    • Wind Turbine3Wind
    • Energy Converter8Converter
    • Energy Storage1Energy storage
    Order
    1. Geothermal PowerplantGeo after 4 mex, 5 wind, 1 energy storage
    Builders
    • Construction Turret5 Con turret
    • Lazarus4 Lazarus
    • Construction Bot2 Con bot
    • Construction Bot1 Con bot for allies
    • Lazarus1 Lazarus for allies

    By 5:00 in all: 4 mex · 7 wind · 1 geo · 8 converter · 1 energy storage · 5 con turret

    The example game in this phase · 33 steps
    1. Wind
    2. LazarusLazarus
    3. Wind
    4. LazarusLazarus
    5. Construction BotCon bot
    6. Construction BotCon botfor Beach sea
    7. LazarusLazarus
    8. Geothermal PowerplantGeodone 2:52 · typical 3:26
    9. Mex
    10. Wind
    11. LazarusLazarus
    12. Mex
    13. LazarusLazarus
    14. TickTick
    15. Con turret ×2
    16. Energy storage
    17. Converter
    18. Wind
    19. Converter
    20. Wind
    21. Converter
    22. Wind
    23. Converter
    24. Wind
    25. Converter
    26. Wind
    27. Converter
    28. Wind
    29. Converter
    30. Wind
    31. Converter
    32. Con turret
    33. Advanced Metal ExtractorT2 mex ×3done 4:47 · typical 5:34
  3. 3

    5:00 to Vehicle Plant

    Order
    1. Advanced Geothermal PowerplantAdvanced Geothermal Powerplant after 8 wind, 10 converter, 6 con turretin 59% of games
    2. Vehicle PlantVehicle Plant after 10 wind, 10 converter, 6 con turretdone ~7:07, middle half 6:41–7:40
    Builders
    • Construction Turret1 Con turret

    Some games also: converter (49%) · wind (47%)

    By 7:00 in all: 4 mex · 10 wind · 1 geo · 1 Advanced Geothermal Powerplant · 10 converter · 1 energy storage

    The example game in this phase · 3 steps
    1. Advanced Geothermal PowerplantAdvanced Geothermal Powerplantdone 6:31 · typical 7:07
    2. Advanced Metal ExtractorT2 mex
    3. Vehicle PlantVehicle Plantdone 6:36 · typical 7:07
  4. 4

    Vehicle Plant to 10:00

    Economy
    • Wind Turbine5Wind
    • Energy Converter3Converter
    Order
    1. Advanced Vehicle PlantAdvanced Vehicle Plant after 11 wind, 11 converter, 7 con turret
    Builders
    • Construction Vehicle1 Con vehicle
    Army
    • Starlight2 Starlight
    • Umbra1 Jammer
    • Prophet1 Radar vehicle

    Some games also: con turret (49%) · T2 con vehicle for allies (48%) · Jaguar (31%)

    By 10:00 in all: 4 mex · 20 wind · 1 geo · 1 Advanced Geothermal Powerplant · 16 converter · 1 energy storage

    The example game in this phase · 119 steps
    1. Construction VehicleCon vehicle
    2. Con turretfor Front
    3. Con turret ×2
    4. JanusJanus ×2for Front
    5. BlitzBlitz ×6
    6. Advanced Vehicle PlantAdvanced Vehicle Plantdone 7:53 · typical 8:07
    7. BlitzBlitz
    8. StarlightStarlightdone 8:14 · typical 9:03
    9. Radar TowerRadar Tower
    10. UmbraJammer
    11. ProphetRadar vehicle
    12. JaguarJaguar
    13. StarlightStarlight
    14. Mex
    15. JaguarJaguar
    16. Con turret
    17. StarlightStarlight
    18. Con turret ×2
    19. Mex
    20. ProphetRadar vehicle
    21. Con turret
    22. JaguarJaguar
    23. StarlightStarlight
    24. BeamerBeamer
    25. Advanced Construction VehicleT2 con vehicle
    26. BeamerBeamer ×2
    27. Fusion ReactorFusiondone 11:37
    28. StarlightStarlight
    29. Bot LabBot Labdone 11:39
    30. Con turret
    31. LazarusLazarus
    32. Fortification WallFortification Wall ×5
    33. LazarusLazarus
    34. Fortification WallFortification Wall
    35. LazarusLazarus ×4
    36. StarlightStarlight
    37. LazarusLazarus ×2
    38. Advanced Metal ExtractorT2 mex
    39. LazarusLazarus
    40. ConsulConsul
    41. LazarusLazarus ×2
    42. ThugThug ×2
    43. LazarusLazarus ×3
    44. GruntGrunt
    45. LazarusLazarus
    46. RascalRascal
    47. TickTick ×2
    48. ConsulConsul
    49. TickTick ×3
    50. StarlightStarlight
    51. TickTick
    52. ThugThug
    53. TickTick ×5
    54. Construction BotCon bot
    55. ConsulConsul
    56. ThugThug
    57. TickTick ×2
    58. Con turret
    59. TickTick
    60. BlitzBlitz
    61. TickTick
    62. Advanced Metal ExtractorT2 mex
    63. TickTick ×3
    64. JanusJanus
    65. TickTick
    66. Advanced Construction VehicleT2 con vehicle
    67. TickTick
    68. Sneaky PeteSneaky Pete
    69. TickTick ×4
    70. Advanced Construction BotT2 con botfor Front
    71. TickTick ×4
    72. JanusJanus
    73. TickTick ×7
    74. Advanced Metal ExtractorT2 mex
    75. TickTick ×2
    76. ThugThug
    77. UmbraJammer
    78. TickTick
    79. Con turret
    80. TickTick
    81. Armada CommanderArmada Commanderfor Front
    82. TickTick ×3
    83. Con turret
    84. RascalRascal
    85. TickTick ×2
    86. ProphetRadar vehicle
    87. TickTick
    88. KeeperKeeperdone 14:41
    89. TickTick
    90. Advanced Metal ExtractorT2 mex
    91. TickTick ×3
    92. JaguarJaguar
    93. TickTick
    94. Con turret
    95. GruntGrunt
    96. TickTick
    97. Con turret
    98. TickTick
    99. Con turret
    100. TickTick ×2
    101. StarlightStarlight
    102. TickTick ×2
    103. Con turret
    104. TickTick
    105. Advanced Metal ExtractorT2 mex
    106. TickTick ×2
    107. Con turret
    108. TickTick ×2
    109. Con turret
    110. Fusion ReactorFusion
    111. TickTick ×3
    112. Con turret
    113. TickTick ×2
    114. Con turret
    115. TickTick
    116. Con turret
    117. TickTick ×2
    118. StarlightStarlight
    119. TickTick ×2

Counts are medians over the build's games: half of them build more, half fewer. The example game is Hazzow's (45 OS, 12/08/2026); pick another.

Team trades

IN AT LEAST 30% OF ITS GAMES

You hand over

  • Lazarus1 Lazarus to Beach seafirst at 2:16 · in 77% of games
  • Construction Bot1 Con bot to Beach seafirst at 2:30 · in 87% of games
  • Advanced Construction Vehicle1 T2 con vehicle to Suicide front or Frontfirst at 8:52 · in 62% of games

You get

  • Hercules1 Light transport from Airfirst at 4:19 · in 34% of games
  • Advanced Construction Bot1 T2 con bot from Techfirst at 4:48 · in 95% of games

How it plays out

Typical game of this build, running totals by minute

Metal produced

020k40k
0:005:0010:0015:00

metal

Enemy metal destroyed

05k10k15k
0:005:0010:0015:00

metal

Own metal lost

02.5k5k7.5k
0:005:0010:0015:00

metal

857 games.

Show as table
ByMetal produced: This buildEnemy metal destroyed: This buildOwn metal lost: This build
1:0033300
2:0082800
3:00152800
4:00270600
5:00372900
6:00572000
7:00814000
8:0011502021
9:001450952130
10:0017425627320
11:00204052075790
12:002330539821933
13:002611260863295
14:002900184934700
15:0031601103396090
WHAT THE NUMBERS SAY

Standard Geo build dominates the resource numbers, with zero own losses through 10:00 and a huge metal lead by 15:00.

  • + Metal produced hits 31426 by 15:00, highest of all six builds
  • + Own metal lost is 0 by 5:00 and only 334 by 10:00
  • − First Starlight only arrives in 57% of games by 9:19
  • − Advanced geothermal lands in just 69% of games by 7:16
THE EXAMPLE YOU ARE READING

Hazzow

44.9 OS · 12/08/2026

Open source match ↗

62 received units · includes a constructor
2057 metal received · 76018 energy received

Allied construction assistance is unknown. Timings are observations, not a promise of solo reproducibility.

Typical milestones

Bot Lab1:12Middle 50%: 0:58–1:22 · n=856
Geothermal Powerplant3:26Middle 50%: 3:10–3:42 · n=854
Advanced Metal Extractor5:34Middle 50%: 5:18–5:56 · n=853
Advanced Geothermal Powerplant7:07Middle 50%: 6:49–7:34 · n=617
Vehicle Plant7:07Middle 50%: 6:41–7:40 · n=816
Advanced Vehicle Plant8:07Middle 50%: 7:41–8:47 · n=777
Starlight9:03Middle 50%: 8:32–9:52 · n=682

Played most by

0neTw086games of this buildzeus_on_god86games of this buildViltrum54games of this buildDamsko44games of this buildXad44games of this build